 Dungeon Crawl Stone Soup version 0.22-a0-422-g9628fc8 (webtiles) character file.

379 Mgcat the Conjurer (level 6, -1/47 HPs)
             Began as a Gnoll Wanderer on May 20, 2018.
             Was a Follower of Vehumet.
             Slain by Grinder (4 damage)
             ... on level 3 of the Dungeon.
             The game lasted 00:08:44 (3726 turns).

Mgcat the Conjurer (Gnoll Wanderer)                 Turns: 3726, Time: 00:08:44

Health: -1/47      AC:  5    Str: 13    XL:     6   Next: 74%
Magic:  8/11       EV: 13    Int: 17    God:    Vehumet [*.....]
Gold:   137        SH:  0    Dex: 15    Spells: 10/12 levels left

rFire    . . .     SeeInvis .   a - +3 falchion
rCold    . . .     Gourm    .   (no shield)
rNeg     . . .     Faith    .   i - +2 leather armour {rPois}
rPois    +         Spirit   .   (no helmet)
rElec    .         Reflect  .   (no cloak)
rCorr    .         Harm     .   (no gloves)
MR       .....                  (no boots)
Stlth    ++........             (no amulet)
HPRegen  0.15/turn              (no ring)
MPRegen  0.12/turn              (no ring)

@: about to teleport, very slightly contaminated, hasted, very quick
A: distributed training, fangs 1, strong nose
a: Renounce Religion


You were on level 3 of the Dungeon.
You worshipped Vehumet.
Vehumet was aware of your devotion.
You were not hungry.

You visited 1 branch of the dungeon, and saw 4 of its levels.

You collected 137 gold pieces.

Inventory:

Hand Weapons
 a - a +3 falchion (weapon)
Missiles
 r - 129 stones (quivered)
Armour
 d - a +0 robe
 i - a +2 leather armour of poison resistance (worn)
   (You took it off Ijyb on level 3 of the Dungeon)
 p - a +0 buckler
   (You found it on level 2 of the Dungeon)
Wands
 c - a wand of digging (12)
   (You took it off Ijyb on level 3 of the Dungeon)
Scrolls
 g - 2 scrolls of amnesia
 j - a scroll of identify
 l - 4 scrolls of remove curse
 s - a scroll of magic mapping {!r}
Potions
 e - 2 potions of degeneration {!q}
 h - a potion of haste
 k - a potion of flight
 m - 2 potions of agility
 q - a potion of cancellation {unknown}
 t - a potion of brilliance
Comestibles
 f - 9 rations


   Skills:
 + Level 3.3 Fighting
 + Level 2.0 Short Blades
 + Level 3.3 Long Blades
 + Level 2.0 Axes
 + Level 2.0 Maces & Flails
 + Level 2.0 Polearms
 + Level 2.0 Staves
 + Level 2.0 Slings
 + Level 2.0 Bows
 + Level 2.0 Crossbows
 + Level 2.0 Throwing
 + Level 2.0 Armour
 + Level 3.3 Dodging
 + Level 3.1 Stealth
 + Level 2.0 Shields
 + Level 2.0 Unarmed Combat
 + Level 3.5 Spellcasting
 + Level 7.3 Conjurations
 + Level 1.6 Hexes
 + Level 1.6 Charms
 + Level 1.6 Summonings
 + Level 1.6 Necromancy
 + Level 1.6 Translocations
 + Level 1.6 Transmutations
 + Level 1.6 Fire Magic
 + Level 1.6 Ice Magic
 + Level 1.6 Air Magic
 + Level 1.6 Earth Magic
 + Level 1.6 Poison Magic
 + Level 2.2 Invocations
 + Level 3.3 Evocations


You had 10 spell levels left.
You knew the following spells:

 Your Spells              Type           Power        Failure   Level  Hunger
a - Sting                 Conj/Pois      ###.         3%          1    None
b - Sandblast             Erth           #.....       11%         1    None

Your spell library contained the following spells:

 Spells                   Type           Power        Failure   Level  Hunger
 Spider Form              Tmut/Pois      #.........   32%         3    ###....


Dungeon Overview and Level Annotations

Branches:
Dungeon (4/15)
 Temple: D:4-7

Altars:
Ashenzari
Vehumet
Xom
Yredelemnul
Zin

Shops:
D:4 :

Annotations:
D:3 Grinder
D:4 1 transporter, Eustachio


Innate Abilities, Weirdness & Mutations

Your experience applies equally to all skills.
You have very sharp teeth.
Your uncanny sense of smell can sniff out nearby items.


Message History

Grinder gestures at you.
You suddenly lose the ability to move!
Grinder gestures at you. You resist with significant effort.
Grinder grins, showing sharp teeth.
Grinder gestures at you. Pain shoots through your body!
You can move again.
Unknown command.
Unknown command.
Unknown command.
Casting: Sting (safe; 3% risk of failure)
Confirm with . or Enter, or press ? or * to list all spells.
Aiming: Sting (safe; 3% risk of failure)
Press: ? - help, Shift-Dir - straight line, f/p - Grinder
Aim: Grinder The sting hits Grinder.
Grinder is lightly wounded.
Casting: Sting (safe; 3% risk of failure)
Confirm with . or Enter, or press ? or * to list all spells.
Aiming: Sting (safe; 3% risk of failure)
Press: ? - help, Shift-Dir - straight line, f/p - Grinder
Aim: Grinder (lightly wounded)
You miscast Sting.
You are very lightly contaminated with residual magic.
You feel sick. Grinder hits you!
You writhe in agony.
Casting: Sting (safe; 3% risk of failure)
Confirm with . or Enter, or press ? or * to list all spells.
Aiming: Sting (safe; 3% risk of failure)
Press: ? - help, Shift-Dir - straight line, f/p - Grinder
Aim: Grinder (lightly wounded)
The sting hits Grinder.
Grinder completely resists.
Grinder is lightly wounded.
Grinder barely misses you.
Casting: Sting (safe; 3% risk of failure)
Confirm with . or Enter, or press ? or * to list all spells.
Aiming: Sting (safe; 3% risk of failure)
Press: ? - help, Shift-Dir - straight line, f/p - Grinder
Aim: Grinder (lightly wounded)
The sting hits Grinder.
Grinder completely resists.
Grinder is lightly wounded.
A worker ant comes into view.
Grinder gestures at you. Pain shoots through your body!
The worker ant moves out of view.
Casting: Sting (safe; 3% risk of failure)
Confirm with . or Enter, or press ? or * to list all spells.
Aiming: Sting (safe; 3% risk of failure)
Press: ? - help, Shift-Dir - straight line, f/p - Grinder
Aim: Grinder (lightly wounded)
The sting hits Grinder.
Grinder is lightly wounded.
Grinder says, "At least Makhleb appreciates what I'm doing."
Grinder gestures at you.
You suddenly lose the ability to move!
The worker ant twitches its antennae in your direction.
Grinder hits you.
You writhe in agony.
Grinder hits you. x2
You writhe in agony.
Grinder hits you!
* * * LOW HITPOINT WARNING * * *
The worker ant waves its antennae.
Grinder gestures at you. Pain shoots through your body!
* * * LOW HITPOINT WARNING * * *
You can move again.
Unknown command.
Unknown command.
Unknown command.
Unknown command.
Unknown command.
Okay, then.
Unknown command.
Unknown command.
There is a stone staircase leading up here.
Grinder hits you.
* * * LOW HITPOINT WARNING * * *
You writhe in agony.
* * * LOW HITPOINT WARNING * * *
You climb upwards.
There is a stone staircase leading down here.
You feel yourself speed up.
Grinder says, "I used to sell toenails on the black market."
Grinder barely misses you.
You riposte.
You hit Grinder but do no damage. Your bite misses Grinder.
Grinder is lightly wounded.
Okay, then.
Okay, then.
Unknown command.
Unknown command.
Okay, then.
As you read the scroll labeled AGO SARPHAE, it crumbles to dust.
It is a scroll of enchant armour.
Your +1 leather armour of poison resistance glows green for a moment.
Grinder closely misses you. None of your equipped items are cursed.
As you read the scroll of teleportation, it crumbles to dust.
You feel strangely unstable. Grinder hits you.
* * * LOW HITPOINT WARNING * * *
You writhe in agony.
You die...

####...##.......#.>.......#
........#.......#.......).#####
........#...............[.....#
........##'#########......#####
#........))# #......#
#.########## #######......# ..#
#.....#......# ###
#.....#......# ..#
#..@..#......#### ..#
#.5...#.........# ..#
#.....#.....<...#
..############.....#.........#
...................'.........#
##############..............[#
#..........[.........#
#########.......##.#..+#######
................#..#...#


You could see Grinder.

Vanquished Creatures
  A howler monkey (D:4)
  2 orc priests (D:3)
  Jessica (D:2)
  Ijyb (D:3)
  Terence (D:2)
  Natasha (thrice) (D:3)
  4 adders
  4 worms
  2 dart slugs (D:1)
  2 leopard geckos
  8 orcs (D:3)
  8 bats
  2 giant cockroaches (D:2)
  7 goblins
  5 hobgoblins
  7 jackals (D:3)
  3 quokkas
  A ball python (D:1)
  5 frilled lizards
  5 kobolds
  8 rats
80 creatures vanquished.

Notes
Turn   | Place    | Note
-------+----------+-------------------------------------------
     0 | D:1      | Mgcat the Gnoll Wanderer began the quest for the Orb.
     0 | D:1      | Mgcat set off with: a +2 falchion, a scroll of teleportation, a +0 robe, a ration
     0 | D:1      | Reached XP level 1. HP: 17/17 MP: 4/4
     2 | D:1      | Learned a level 1 spell: Sting
   149 | D:1      | Reached XP level 2. HP: 23/23 MP: 0/5
   623 | D:1      | Reached XP level 3. HP: 28/28 MP: 5/7
  1144 | D:2      | Reached skill level 1 in Invocations
  1224 | D:2      | Noticed Jessica
  1230 | D:2      | Killed Jessica
  1230 | D:2      | Reached skill level 1 in Short Blades
  1230 | D:2      | Reached skill level 1 in Axes
  1230 | D:2      | Reached skill level 1 in Maces & Flails
  1230 | D:2      | Reached skill level 1 in Polearms
  1230 | D:2      | Reached skill level 1 in Staves
  1230 | D:2      | Reached skill level 1 in Slings
  1230 | D:2      | Reached skill level 1 in Bows
  1230 | D:2      | Reached skill level 1 in Crossbows
  1230 | D:2      | Reached skill level 1 in Throwing
  1230 | D:2      | Reached skill level 1 in Armour
  1230 | D:2      | Reached skill level 1 in Shields
  1230 | D:2      | Reached skill level 1 in Unarmed Combat
  1230 | D:2      | Reached XP level 4. HP: 27/34 MP: 1/8
  1431 | D:2      | Found a basalt altar of Yredelemnul.
  1467 | D:2      | Reached skill level 3 in Spellcasting
  1753 | D:3      | Noticed Terence
  1756 | D:3      | Reached skill level 1 in Hexes
  1756 | D:3      | Reached skill level 1 in Charms
  1756 | D:3      | Reached skill level 1 in Summonings
  1756 | D:3      | Reached skill level 1 in Necromancy
  1756 | D:3      | Reached skill level 1 in Translocations
  1756 | D:3      | Reached skill level 1 in Transmutations
  1756 | D:3      | Reached skill level 1 in Fire Magic
  1756 | D:3      | Reached skill level 1 in Ice Magic
  1756 | D:3      | Reached skill level 1 in Air Magic
  1756 | D:3      | Reached skill level 1 in Earth Magic
  1756 | D:3      | Reached skill level 1 in Poison Magic
  1830 | D:2      | Killed Terence
  1830 | D:2      | Reached XP level 5. HP: 33/40 MP: 1/9
  1962 | D:3      | Found a radiant altar of Vehumet.
  1963 | D:3      | Noticed Natasha
  1976 | D:3      | Killed Natasha
  2037 | D:3      | Noticed Natasha
  2043 | D:3      | Killed Natasha
  2043 | D:3      | Reached skill level 3 in Fighting
  2043 | D:3      | Reached skill level 3 in Long Blades
  2043 | D:3      | Reached skill level 3 in Dodging
  2043 | D:3      | Reached skill level 3 in Evocations
  2052 | D:3      | Became a worshipper of Vehumet
  2110 | D:3      | Noticed Natasha
  2117 | D:3      | Killed Natasha
  2198 | D:3      | Found a shimmering altar of Xom.
  2199 | D:3      | Found a shimmering altar of Xom.
  2205 | D:3      | Found a shimmering altar of Xom.
  2206 | D:3      | Found a shimmering altar of Xom.
  2207 | D:3      | Found a shimmering altar of Xom.
  2209 | D:3      | Found a shimmering altar of Xom.
  2307 | D:3      | Found a glowing silver altar of Zin.
  2388 | D:3      | Reached skill level 2 in Invocations
  2388 | D:3      | Reached XP level 6. HP: 28/47 MP: 0/10
  2497 | D:3      | Reached skill level 3 in Stealth
  2497 | D:3      | HP: 5/47 [orc priest/nerve-wracking pain (10)]
  2503 | D:3      | HP: 6/47 [orc priest/divine providence (13)]
  2848 | D:3      | Noticed Ijyb
  2865 | D:3      | Killed Ijyb
  2867 | D:3      | Reached skill level 2 in Short Blades
  2867 | D:3      | Reached skill level 2 in Axes
  2867 | D:3      | Reached skill level 2 in Maces & Flails
  2867 | D:3      | Reached skill level 2 in Polearms
  2867 | D:3      | Reached skill level 2 in Staves
  2867 | D:3      | Reached skill level 2 in Slings
  2867 | D:3      | Reached skill level 2 in Bows
  2867 | D:3      | Reached skill level 2 in Crossbows
  2867 | D:3      | Reached skill level 2 in Throwing
  2867 | D:3      | Reached skill level 2 in Armour
  2867 | D:3      | Reached skill level 2 in Shields
  2867 | D:3      | Reached skill level 2 in Unarmed Combat
  2945 | D:3      | Found a shattered altar of Ashenzari.
  3284 | D:4      | Found Camoushre's Book Shoppe.
  3300 | D:4      | Reached * piety under Vehumet
  3300 | D:4      | Offered knowledge of Sandblast by Vehumet.
  3303 | D:4      | Learned a level 1 spell: Sandblast
  3352 | D:4      | Found a transporter.
  3352 | D:4      | Noticed Eustachio
  3700 | D:4      | Noticed Grinder
  3702 | D:4      | Paralysed by Grinder for 5 turns
  3712 | D:4      | Paralysed by Grinder for 6 turns
  3716 | D:4      | HP: 11/47 [Grinder (10)]
  3722 | D:4      | HP: 8/47 [Grinder (1)]
  3726 | D:3      | HP: 3/47 [Grinder (3)]
  3726 | D:3      | Slain by Grinder

Vault maps used:
D:1:      sevenhm_arrival_forest_fort_small_5
D:2:      yredelemnul_altar_generic, minmay_pentomino_o4, uniq_jessica
D:3:      zin_academy, xom_redecorated, evilmike_ruin_ashenzari,
          vehumet_crystals, first_ration, uniq_ijyb, uniq_natasha, uniq_terence
D:4:      gammafunk_cloud_chamber, tgw_sif, kennysheep_little_box,
          nicolae_dithmenos_the_darkroom, lemuel_temple_firewalk_b,
          serial_shops, shop_fountains, nicolae_shop_behind_doors,
          uniq_eustachio, uniq_grinder, uniq_crazy_yiuf_cottage

Skill      XL: |  1  2  3  4  5  6 |
---------------+-------------------+-----
Invocations    | 1 2 |  2.2
Short Blades   | 1 2 |  2.0
Axes           | 1 2 |  2.0
Maces & Flails | 1 2 |  2.0
Polearms       | 1 2 |  2.0
Staves         | 1 2 |  2.0
Slings         | 1 2 |  2.0
Bows           | 1 2 |  2.0
Crossbows      | 1 2 |  2.0
Throwing       | 1 2 |  2.0
Armour         | 1 2 |  2.0
Shields        | 1 2 |  2.0
Unarmed Combat | 1 2 |  2.0
Spellcasting   | 3 |  3.5
Hexes          | 1 |  1.6
Charms         | 1 |  1.6
Summonings     | 1 |  1.6
Necromancy     | 1 |  1.6
Translocations | 1 |  1.6
Transmutations | 1 |  1.6
Fire Magic     | 1 |  1.6
Ice Magic      | 1 |  1.6
Air Magic      | 1 |  1.6
Earth Magic    | 1 |  1.6
Poison Magic   | 1 |  1.6
Fighting       | 3 |  3.3
Long Blades    | 3 |  3.3
Dodging        | 3 |  3.3
Evocations     | 3 |  3.3
Stealth        | 3 |  3.1
Conjurations   | |  7.3

Action                   |  1- 3 |  4- 6 || total
-------------------------+-------+-------++-------
Melee: Falchion          |     3 |    32 ||    35
       Bite              |     2 |     4 ||     6
 Cast: Sting             |    71 |   142 ||   213
  Use: Scroll            |       |    12 ||    12
       Potion            |       |     6 ||     6
 Stab: Invisible         |       |     1 ||     1
  Eat: Chunk             |     1 |     8 ||     9
Armor: Robe              |     1 |     8 ||     9
       Leather armour    |       |     1 ||     1
Dodge: Dodged            |     6 |    51 ||    57
       Rpst.: Falchion   |     3 |    18 ||    21

Table legend:
 A = Spawn XP
 B = Non-spawn XP
 C = Spawn XP percentage of total XP
 D = Spawn monster count
 E = Non-spawn monster count
 F = Spawn count percentage of total count
 G = Total turns spent on level
                    A         B        C        D         E        F      G
               +---------+---------+-------+---------+---------+-------+---------
         Total |       0 |     542 |   0.0 |       0 |      80 |   0.0 |  3726
               +---------+---------+-------+---------+---------+-------+---------
           D:1 |       0 |      39 |   0.0 |       0 |      25 |   0.0 |  1042
           D:2 |       0 |     107 |   0.0 |       0 |      16 |   0.0 |  1002
           D:3 |       0 |     319 |   0.0 |       0 |      35 |   0.0 |  1493
           D:4 |       0 |      77 |   0.0 |       0 |       4 |   0.0 |   189
               +---------+---------+-------+---------+---------+-------+---------

Vault maps used:
D:1:      sevenhm_arrival_forest_fort_small_5
D:2:      yredelemnul_altar_generic, minmay_pentomino_o4, uniq_jessica
D:3:      zin_academy, xom_redecorated, evilmike_ruin_ashenzari,
          vehumet_crystals, first_ration, uniq_ijyb, uniq_natasha, uniq_terence
D:4:      gammafunk_cloud_chamber, tgw_sif, kennysheep_little_box,
          nicolae_dithmenos_the_darkroom, lemuel_temple_firewalk_b,
          serial_shops, shop_fountains, nicolae_shop_behind_doors,
          uniq_eustachio, uniq_grinder, uniq_crazy_yiuf_cottage

Table legend:
 A = Turns spent in this place as a percentage of turns spent in the entire game.
 B = Non-inter-level travel turns spent in this place as a percentage of non-inter-level travel turns spent in the entire game.
 C = Inter-level travel turns spent in this place as a percentage of turns spent in this place.
 D = Turns resting spent in this place as a percentage of non-inter-level travel turns spent in this place.
 E = Turns spent auto-exploring this place as a percentage of non-inter-level travel turns spent in this place.
 F = Non-inter-level travel turns spent in this place divided by the number of levels of this place that you've seen.
                   A       B       C       D       E      F
               +-------+-------+-------+-------+-------+----------------------
         Total | 100.0 | 100.0 |   6.0 |   0.5 |  84.3 | 875.2
       Dungeon | 100.0 | 100.0 |   6.0 |   0.5 |  84.3 | 875.2
               +-------+-------+-------+-------+-------+----------------------

Table legend:
 A = Kills in this place as a percentage of kills in entire the game.
 B = Kills by you in this place as a percentage of kills by you in the entire game.
 C = Kills by friends in this place as a percentage of kills by friends in the entire game.
 D = Other kills in this place as a percentage of other kills in the entire game.
 E = Experience gained in this place as a percentage of experience gained in the entire game.
 F = Experience gained in this place divided by the number of levels of this place that you have seen.
                   A       B       C       D       E      F
               +-------+-------+-------+-------+-------+----------------------
         Total | 100.0 | 100.0 |   N/A |   N/A | 100.0 | 135.5
       Dungeon | 100.0 | 100.0 |   N/A |   N/A | 100.0 | 135.5
               +-------+-------+-------+-------+-------+----------------------
